Construct Infanterie Kompanie
Selects Breakthrough Battlegroup
Selects Assault Grenadiers
Infanterie Officer Quarters
Construct Luftwaffe Kompanie
Construct Panzergrenadier Kompanie
Selects Incendiary Bombing Run
Nebelwerfer 42 Rocket Launcher Team
Panzergrenadier Officer Quarters
Construct Luftwaffe Kompanie
Pak 40 Anti-tank Gun Team
Selects 2.5-tonne Cargo Truck
Luftwaffe Officer Quarters
Construct Panzer Kompanie